Cogmind - Beta 9.6 @@@ ROGUE MODE // 2020.08.17 @ 21:14:15 Player: Plexion Result: Self-destructed Performance ------------- Evolutions (3) 1500 Regions Visited (8) 1600 Robots Destroyed (86) 430 Value Destroyed (1619) 1619 Prototype IDs (25) 500 Alien Tech Used (0) 0 Bonus (265) 265 TOTAL SCORE: 5914 Bonus ------- High Alert Combat Kills 17 Follower Combat Kills 7 Aligned with FarCom 300 Friendly Fire -59 Cogmind --------- Core Integrity 700/700 Matter 140/300 Energy 94/100 System Corruption 0% Temperature Cool (0) Movement Flying (30) Location -7/Factory Parts ------- > --- POWER (1) -------- (None) > --- PROPULSION (3) --- Improved Flight Unit Improved Flight Unit Xenon Bombardment Thruster > --- UTILITY (7) ------ Medium Storage Unit Advanced Sensor Array Improved Signal Interpreter Hardened Light Armor Plating Hacking Suite Hacking Suite > --- WEAPON (2) ------- Hammer > --- INVENTORY (8) ---- Improved Flight Unit Improved Flight Unit Medium Storage Unit Advanced Sensor Array Light Armor Plating Gauss Rifle EMP Blaster Peak State ------------ > --- POWER ------------ Light Ion Engine > --- PROPULSION ------- Potential Leg Potential Leg Armored Wheel > --- UTILITY ---------- Large Storage Unit Large Storage Unit Large Storage Unit Light Armor Plating Hardened Light Armor Plating > --- WEAPON ----------- High-powered Shotgun EMP Blaster > --- INVENTORY -------- Wheel Wheel Wheel Improved Flight Unit Improved Flight Unit Improved Flight Unit Improved Flight Unit Improved Flight Unit Advanced Sensor Array Improved Signal Interpreter Light Armor Plating Medium Armor Plating Hacking Suite Hacking Suite Hacking Suite PSU Rigger Heavy Assault Rifle Heavy Assault Rifle High-powered Shotgun Rocket Launcher [Rating: 39] Favorites ----------- Power Light Ion Engine Engine Light Ion Engine Power Core Light Nuclear Core Propulsion Compact Wheel Leg Potential Leg Wheel Compact Wheel Flight Unit Improved Flight Unit Utility Large Storage Unit Device Advanced Sensor Array Storage Large Storage Unit Processor Improved Signal Interpreter Hackware Hacking Suite Protection Light Armor Plating Weapon High-powered Shotgun Ballistic Gun High-powered Shotgun Launcher EMP Blaster Special Weapon Mining Laser Impact Weapon Hammer Build | -11 -10 -10 -9 -9 -9 -8 -8 -7 ------- Run | Scr Mat Min Mat Min Exi Min Mat Fac Slots Evolved 6 | . . . 2 . . . 2 2 Power . | . . . . . . . . . Propulsion 1 | . . . . . . . 1 . Utility 5 | . . . 2 . . . 1 2 Weapon . | . . . . . . . . . Parts Attached 75 | 6 3 2 36 5 2 . 6 15 Power 6 | 1 . . 3 2 . . . . Engine 5 | 1 . . 2 2 . . . . Core 1 | . . . 1 . . . . . Reactor . | . . . . . . . . . Propulsion 18 | 2 . . 8 1 2 . 1 4 Treads . | . . . . . . . . . Leg 2 | . . . . . 2 . . . Wheel 12 | 2 . . 8 1 . . 1 . Hover . | . . . . . . . . . Flight 4 | . . . . . . . . 4 Utility 22 | 1 2 . 7 . . . 3 9 Device 5 | . . . 3 . . . . 2 Storage 9 | 1 2 . 1 . . . 2 3 Processor 1 | . . . . . . . . 1 Hackware 3 | . . . . . . . . 3 Protection 4 | . . . 3 . . . 1 . Artifact . | . . . . . . . . . Weapon 29 | 2 1 2 18 2 . . 2 2 Energy Gun . | . . . . . . . . . Energy Cannon . | . . . . . . . . . Ballistic Gun 19 | 2 . 2 12 2 . . 1 . Ballistic Cannon . | . . . . . . . . . Launcher 7 | . . . 6 . . . 1 . Special Weapon 1 | . 1 . . . . . . . Impact Weapon 2 | . . . . . . . . 2 Slashing Weapon . | . . . . . . . . . Piercing Weapon . | . . . . . . . . . Special Melee Weapon . | . . . . . . . . . Unidentified Prototypes . | . . . . . . . . . Parts Lost 15 | . . 1 9 3 . . . 2 Power 5 | . . . 2 2 . . . 1 Propulsion 3 | . . . 3 . . . . . Utility 2 | . . . 1 . . . . 1 Weapon 5 | . . 1 3 1 . . . . Highest Loss Streak 2 | . . 1 2 2 . . . 1 Average Slot Usage (%) 93 | . 90 100 91 99 100 100 92 79 Engine 9 | . 14 14 8 10 11 11 9 7 Leg 3 | . . . . . 10 22 18 . Wheel 17 | . 28 28 22 22 11 . 5 . Flight 2 | . . . . . . . . 22 Device 3 | . . . 5 . . . . 6 Storage 26 | . 19 28 27 33 33 33 27 10 Hackware 1 | . . . . . . . . 14 Protection 7 | . . . 6 11 11 11 14 7 Ballistic Gun 18 | . 25 27 20 17 22 22 14 . Launcher 1 | . . . 1 4 . . 4 . Naked Turns . | . . . . . . . . . Heaviest Build 66 | 9 37 38 61 61 60 60 66 65 Greatest Support 60 | 26 26 26 32 28 60 60 60 60 Greatest Overweight (x) 5 | . 1 1 2 2 2 . 1 5 Average Overweight (x) 1 | . . 1 1 2 . . . . Largest Inventory Capacity 22 | 6 16 16 22 22 22 22 22 22 Average Capacity 17 | 5 9 16 18 22 22 22 22 8 Most Carried 22 | 4 7 11 22 22 22 22 22 22 Average Carried 16 | 1 5 9 17 20 21 22 20 8 Final Capacity 22 | 6 16 16 22 22 22 22 22 8 Final Carried 22 | 4 7 11 21 21 22 22 22 7 Class Distribution -------------------- 50% | Hauler-Mutant 38% | Mutant 6% | Hacker-Sprinter 4% | Hacker-Mutant Dominant Class ---------------- Mutant | -10/Materials Mutant | -10/Mines Mutant | -9/Materials Hauler-Mutant | -9/Mines Hauler-Mutant | -9/Exiles Hauler-Mutant | -8/Mines Hauler-Mutant | -8/Materials Hacker-Sprinter | -7/Factory Resources | -11 -10 -10 -9 -9 -9 -8 -8 -7 ----------- Run | Scr Mat Min Mat Min Exi Min Mat Fac Matter Collected 2016 | 199 . 176 1359 173 . 28 81 . Remotely . | . . . . . . . . . Salvage Created 2066 | 60 . 254 1477 86 . 23 166 . Parts 151 | 6 . 9 109 12 . 1 14 . Haulers Intercepted 4 | . . . 4 . . . . . Recyclers Shooed 2 | . . . 2 . . . . . Parts Field Recycled . | . . . . . . . . . Retrieved Matter . | . . . . . . . . . Parts Self-Destructed . | . . . . . . . . . Prevented . | . . . . . . . . . Kills | -11 -10 -10 -9 -9 -9 -8 -8 -7 ------- Run | Scr Mat Min Mat Min Exi Min Mat Fac Combat Hostiles Destroyed 58 | . . 5 41 3 . . 9 . Guns 39 | . . 5 32 1 . . 1 . AOE 19 | . . . 9 2 . . 8 . Classes Destroyed 11 | 2 . 1 7 . . 1 . . Worker 12 | . . . 11 1 . . . . Builder 1 | . . . . . . 1 . . Tunneler 4 | 1 . 1 . 2 . . . . Hauler 4 | . . . 4 . . . . . Recycler 2 | 1 . . 1 . . . . . Operator 1 | . . . 1 . . . . . Watcher 4 | . . . 4 . . . . . Swarmer 30 | . . . 19 3 . . 8 . Grunt 16 | . . 5 11 . . . . . Duelist 2 | . . . 2 . . . . . Sentry 10 | . . . 9 . . . 1 . Best Kill Streak 7 | 2 . 2 7 6 . 1 4 . Combat Bots Only 4 | . . 2 4 3 . . 4 . Max Kills in Single Turn 3 | 1 . 1 3 3 . 1 2 . Gunslinging 1 | . . . 1 . . . . . Exploded 3 | . . . 3 2 . . 2 . Melee . | . . . . . . . . . Uniques/NPCs Destroyed . | . . . . . . . . . Combat | -11 -10 -10 -9 -9 -9 -8 -8 -7 -------- Run | Scr Mat Min Mat Min Exi Min Mat Fac Damage Taken 2649 | . . 311 1865 227 . . 101 145 Core 340 | . . 102 213 25 . . . . Absorbed by Shields 17 | . . . . . . . . 17 Core Remaining (%) 74 | 100 . 59 . . . 40 100 . Volleys Fired 190 | 8 4 23 137 9 . 1 8 . Largest 2 | 2 2 2 2 2 . 2 2 . Hottest 100 | 40 100 40 50 50 . 50 48 . Shots Fired 362 | 16 5 46 266 16 . 2 11 . Gun 345 | 16 2 46 259 14 . 2 6 . Cannon . | . . . . . . . . . Launcher 14 | . . . 7 2 . . 5 . Special 3 | . 3 . . . . . . . Kinetic 345 | 16 2 46 259 14 . 2 6 . Thermal 3 | . 3 . . . . . . . Explosive 4 | . . . 4 . . . . . Electromagnetic 10 | . . . 3 2 . . 5 . Robot Hit Streak 24 | 6 . 24 11 2 . 2 3 . Robot Miss Streak 9 | 1 2 4 9 4 . . 1 . Penetration Max . | . . . . . . . . . Secondary Targets 4 | . . . 4 . . . . . Max Gunslinging Chain 1 | . . . 1 . . . . . Shots Hit Robots 240 | 11 . 31 186 8 . 1 3 . Core Hits 127 | 4 1 12 90 8 . 1 11 . Critical Hits 5 | . . 1 4 . . . . . Critical Kills 2 | . . . 2 . . . . . Critical Parts Destroyed 3 | . . 1 2 . . . . . Melee Attacks 9 | . . . . . . . . 9 Impact 9 | . . . . . . . . 9 Slashing . | . . . . . . . . . Piercing . | . . . . . . . . . Sneak Attacks . | . . . . . . . . . Combat Hostiles . | . . . . . . . . . Follow-up Attacks . | . . . . . . . . . Damage Inflicted 4983 | 70 8 380 3781 328 . 13 403 . Guns 3510 | 70 8 380 2819 146 . 13 74 . Cannons . | . . . . . . . . . Explosions 1473 | . . . 962 182 . . 329 . Melee . | . . . . . . . . . Ramming . | . . . . . . . . . Kinetic 3510 | 70 8 380 2819 146 . 13 74 . Thermal 278 | . . . 46 83 . . 149 . Explosive 807 | . . . 807 . . . . . Electromagnetic 388 | . . . 109 99 . . 180 . Impact . | . . . . . . . . . Slashing . | . . . . . . . . . Piercing . | . . . . . . . . . Highest Corruption . | . . . . . . . . . Average Corruption . | . . . . . . . . . Corruption Purged . | . . . . . . . . . Overload Shots . | . . . . . . . . . Overflow Damage 75 | . . . 75 . . . . . Projectiles . | . . . . . . . . . Explosions 75 | . . . 75 . . . . . Melee . | . . . . . . . . . Knockbacks . | . . . . . . . . . Impact . | . . . . . . . . . Kinetic . | . . . . . . . . . Secondary . | . . . . . . . . . Self-Inflicted Damage 64 | . . . 46 18 . . . . Shots 4 | . . . 2 2 . . . . Rammed . | . . . . . . . . . Targets Rammed . | . . . . . . . . . Kicked . | . . . . . . . . . Crushed . | . . . . . . . . . Highest Temperature 40 | . 40 15 20 8 . . 7 . Average Temperature 8 | . 19 8 6 4 . . 4 . Received Heat Transfer 597 | . . 180 312 45 . . 18 42 Siege Activations . | . . . . . . . . . Robots Corrupted . | . . . . . . . . . Combat Hostiles . | . . . . . . . . . Parts Fried 1 | . . . . . . . 1 . Impact Corruptions . | . . . . . . . . . Robots Melted . | . . . . . . . . . Combat Hostiles . | . . . . . . . . . Parts Melted 1 | . . . . 1 . . . . Heat Transferred 250 | . . . . 150 . . 100 . Parts Sabotaged . | . . . . . . . . . Parts Stolen . | . . . . . . . . . Parts Stripped . | . . . . . . . . . Power Chain Reactions 5 | . . . 1 1 . . 3 . Missiles Intercepted . | . . . . . . . . . Alert | -11 -10 -10 -9 -9 -9 -8 -8 -7 ------- Run | Scr Mat Min Mat Min Exi Min Mat Fac Peak Influence 498 | 10 32 87 498 251 . 5 243 114 Average Influence 152 | 4 14 35 238 141 . . 153 79 Maximum Alert Level 2 | . . . 2 1 . . 1 . Low Security (%) 67 | 100 100 100 42 80 . 100 47 100 Level 1 26 | . . . 43 19 . . 52 . Level 2 6 | . . . 14 . . . . . Level 3 . | . . . . . . . . . Level 4 . | . . . . . . . . . Level 5 . | . . . . . . . . . High Security . | . . . . . . . . . Max Security . | . . . . . . . . . Squads Dispatched 7 | . 1 . 3 . . . . 3 Investigation . | . . . . . . . . . Extermination 2 | . . . . . . . . 2 Reinforcement 5 | . 1 . 3 . . . . 1 Assault . | . . . . . . . . . Garrison . | . . . . . . . . . Intercept . | . . . . . . . . . Construction Impeded 1 | . . . 1 . . . . . Haulers Reinforced . | . . . . . . . . . Stealth | -11 -10 -10 -9 -9 -9 -8 -8 -7 --------- Run | Scr Mat Min Mat Min Exi Min Mat Fac Distress Signals 4 | . . . 3 . . . 1 . Communications Jammed . | . . . . . . . . . Distress Signals . | . . . . . . . . . Times Spotted 104 | . 3 8 65 6 . . 14 8 Peak Tracking Total 5 | . 2 4 5 3 . . 5 3 Tactical Retreats 10 | . . 2 3 1 . . . 4 Traps | -11 -10 -10 -9 -9 -9 -8 -8 -7 ------- Run | Scr Mat Min Mat Min Exi Min Mat Fac Traps Triggered 2 | . . . . . . . . 2 Indirectly . | . . . . . . . . . Trap Hack Attempts . | . . . . . . . . . Triggered . | . . . . . . . . . Disarmed . | . . . . . . . . . Reprogrammed . | . . . . . . . . . Reused . | . . . . . . . . . Traps Extracted . | . . . . . . . . . Installed . | . . . . . . . . . Triggered . | . . . . . . . . . Machines | -11 -10 -10 -9 -9 -9 -8 -8 -7 ---------- Run | Scr Mat Min Mat Min Exi Min Mat Fac Machines Disabled 8 | . . . 8 . . . . . Max in Single Turn 2 | . . . 2 . . . . . Garrison Access 1 | . . . . . . . 1 . Machines Sabotaged . | . . . . . . . . . Garrisons Compromised . | . . . . . . . . . Overloaded Fab Kills . | . . . . . . . . . Fab Network Shutdowns . | . . . . . . . . . Hacking | -11 -10 -10 -9 -9 -9 -8 -8 -7 --------- Run | Scr Mat Min Mat Min Exi Min Mat Fac Machines Accessed 25 | . 3 1 12 . 2 . 4 3 Terminals 20 | . 3 1 10 . . . 3 3 Fabricators . | . . . . . . . . . Repair Stations . | . . . . . . . . . Recycling Units 1 | . . . 1 . . . . . Scanalyzers 1 | . . . 1 . . . . . Garrison Access 1 | . . . . . . . 1 . Total Hacks 69 | . 12 3 34 . 2 . 9 9 Successful 46 | . 5 3 22 . 2 . 7 7 Failed 23 | . 7 . 12 . . . 2 2 Catastrophic 4 | . 1 . 2 . . . . 1 Database Lockouts . | . . . . . . . . . Manual 55 | . 11 1 29 . 1 . 4 9 Terminals 63 | . 12 3 32 . . . 7 9 Fabricators . | . . . . . . . . . Repair Stations . | . . . . . . . . . Recycling Units 1 | . . . 1 . . . . . Scanalyzers 1 | . . . 1 . . . . . Garrison Access 2 | . . . . . . . 2 . Terminal Hacks 20 | . 2 2 8 . 2 . 2 4 Record 1 | . . . . . 1 . . . Part Schematic 2 | . . . . . . . . 2 Robot Analysis 1 | . . . . . . . 1 . Prototype ID Bank 1 | . . . 1 . . . . . Unreport Threat 2 | . . . 2 . . . . . Locate Traps 1 | . . . 1 . . . . . Dispatch Records 1 | . . 1 . . . . . . Recall Extermination 1 | . . . . . . . . 1 Recall Reinforcements 1 | . . . . . . . . 1 Hauler Manifests 4 | . 1 . 2 . . . 1 . Zone Layout 4 | . 1 1 2 . . . . . EX-Prototype ID Bank 1 | . . . . . 1 . . . Fabricator Hacks . | . . . . . . . . . Repair Station Hacks . | . . . . . . . . . Recycling Unit Hacks 1 | . . . 1 . . . . . Retrieve Components 1 | . . . 1 . . . . . Scanalyzer 1 | . . . 1 . . . . . Insert Component 1 | . . . 1 . . . . . Garrison Access Hacks 1 | . . . . . . . 1 . Seal Access 1 | . . . . . . . 1 . Unauthorized Hacks 23 | . 3 1 12 . . . 4 3 Terminals 23 | . 3 1 12 . . . 4 3 Track 10 | . 2 1 6 . . . 1 . Assimilate 3 | . . . 2 . . . 1 . Botnet 6 | . . . 3 . . . 1 2 Operators 4 | . 1 . 1 . . . 1 1 Fabricators . | . . . . . . . . . Repair Stations . | . . . . . . . . . Recycling Units . | . . . . . . . . . Scanalyzers . | . . . . . . . . . Garrison Access . | . . . . . . . . . Data Cores Recovered . | . . . . . . . . . Used . | . . . . . . . . . Hacking Detections 21 | . 3 1 10 . . . 4 3 Full Trace Events . | . . . . . . . . . Feedback Events . | . . . . . . . . . Feedback Blocked . | . . . . . . . . . Robot Schematics Acquired . | . . . . . . . . . Robots Built . | . . . . . . . . . Matter . | . . . . . . . . . Time . | . . . . . . . . . Total Robot Build Rating . | . . . . . . . . . Part Schematics Acquired 2 | . . . . . . . . 2 Parts Built . | . . . . . . . . . Matter . | . . . . . . . . . Time . | . . . . . . . . . Total Part Build Rating . | . . . . . . . . . Parts Repaired . | . . . . . . . . . Time . | . . . . . . . . . Parts Recycled . | . . . . . . . . . Recycled Matter . | . . . . . . . . . Retrieved Matter . | . . . . . . . . . Retrieved Components 3 | . . . 3 . . . . . Parts Scanalyzed . | . . . . . . . . . Part Schematics Acquired . | . . . . . . . . . Parts Damaged . | . . . . . . . . . Bothacking | -11 -10 -10 -9 -9 -9 -8 -8 -7 ------------ Run | Scr Mat Min Mat Min Exi Min Mat Fac Used RIF Installer . | . . . . . . . . . Robots Hacked . | . . . . . . . . . Non-combat . | . . . . . . . . . Combat . | . . . . . . . . . Robot Hacks Applied . | . . . . . . . . . Relay Couplers Released . | . . . . . . . . . Robots Rewired . | . . . . . . . . . Allies Hacked . | . . . . . . . . . Hacks Repelled . | . . . . . . . . . Allies | -11 -10 -10 -9 -9 -9 -8 -8 -7 -------- Run | Scr Mat Min Mat Min Exi Min Mat Fac Total Allies 7 | . . 3 1 2 . . 1 . Largest Group 3 | . . 3 1 3 1 1 1 . Highest-Rated Group 49 | . . 40 10 49 9 9 10 . Highest-Rated Ally 31 | . . 16 10 31 9 9 10 . Total Orders . | . . . . . . . . . Ally Attacks 8 | . . 5 . 3 . . . . Total Damage 109 | . . 46 . 63 . . . . Kills 2 | . . 1 . 1 . . . . Allies Corrupted . | . . . . . . . . . Allies Melted . | . . . . . . . . . Intel | -11 -10 -10 -9 -9 -9 -8 -8 -7 ------- Run | Scr Mat Min Mat Min Exi Min Mat Fac Robot Analysis Total 1 | . . . . . . . 1 . Derelict Logs Recovered 3 | . . 1 . 2 . . . . Drone Launches . | . . . . . . . . . Drone Recoveries . | . . . . . . . . . Exploration | -11 -10 -10 -9 -9 -9 -8 -8 -7 ------------- Run | Scr Mat Min Mat Min Exi Min Mat Fac Turns Passed 5417 | 76 232 487 2426 629 235 380 363 589 Spaces Moved 4405 | 47 225 387 1427 534 240 413 265 867 Core 3 | 2 . . . . . . . 1 Treads . | . . . . . . . . . Legs 811 | . . . . . 125 413 265 8 Wheels 2733 | 45 225 387 1427 534 115 . . . Hover . | . . . . . . . . . Flight 858 | . . . . . . . . 858 Fastest Speed 29 | 50 90 100 100 105 45 90 90 29 Average Speed 90 | 90 93 100 110 109 95 90 122 30 Slowest Speed 300 | 100 100 100 115 115 130 90 130 300 Overloaded Moves 8 | . . . . . 8 . . . Propulsion Burnouts . | . . . . . . . . . Robots Hopped 2 | . . . . . . . . 2 Cave-ins Triggered . | . . . . . . . . . Exploration Rate (%) 59 | 4 43 96 91 91 61 97 30 21 Regions Visited 8 Branch Regions 4 Pre-discovered Areas 2 | . . . . 1 1 . . . Known Exits Taken . | . . . . . . . . . Unknown Exits Taken 8 | 1 1 1 1 1 1 1 1 . Scrap Searched 4 | . . 1 . 2 . 1 . . Spaces Dug 12 | . 3 . 8 1 . . . . Terrain Destroyed 37 | . 3 . 26 1 . . 7 . Melee . | . . . . . . . . . Projectile 3 | . 3 . . . . . . . AOE 34 | . . . 26 1 . . 7 . Actions | -11 -10 -10 -9 -9 -9 -8 -8 -7 --------- Run | Scr Mat Min Mat Min Exi Min Mat Fac Total 5460 | 64 235 445 2012 561 245 420 292 1186 Wait 669 | . 2 29 353 11 . 5 10 259 Move 4393 | 46 224 386 1426 533 239 412 264 863 Hop 2 | . . . . . . . . 2 Pick Up 52 | 4 2 5 33 2 1 1 2 2 Fast Attach 19 | 6 1 . 6 1 2 . . 3 Attach 24 | . . 1 10 2 . . 2 9 Detach 3 | . . . 1 . 1 . . 1 Swap 32 | . 2 1 20 2 . . 4 3 Drop 52 | . . . 26 1 2 1 2 20 Fire 190 | 8 4 23 137 9 . 1 8 . Melee 9 | . . . . . . . . 9 Ram . | . . . . . . . . . Kick . | . . . . . . . . . Crush . | . . . . . . . . . Escape Stasis 15 | . . . . . . . . 15 Rewire . | . . . . . . . . . Trap . | . . . . . . . . . Miscellaneous . | . . . . . . . . . Route ------- -11/Scrapyard -10/Materials -10/Mines (discovered 2 exits: *Mat x2) -9/Materials (discovered 4 exits: *Mat x3 / [*Min]) -9/Mines (discovered 3 exits: *Mat x2 / *Exi) -9/Exiles -8/Mines (discovered 2 exits: *Mat x2) -8/Materials (discovered 3 exits: *Fac / *Sto x2) -7/Factory (discovered 1 exit: [*Fac]) History --------- Turn | Location | Event 18 | -11/Scrapyard | Discovered new exit (range 15) 77 | -11/Scrapyard | Entered Materials 246 | -10/Materials | Discovered new exit (range 7) 308 | -10/Materials | Build established: Mutant 309 | -10/Materials | Entered Mines 376 | -10/Mines | A weapon hastily lodged in a ceiling crevice suddenly fell to the ground 451 | -10/Mines | Assisted by bots powering up and referring to "LRC-V3" 720 | -10/Mines | Discovered new exit (range 12) 747 | -10/Mines | Received a Rocket Launcher from a helpful Derelict 784 | -10/Mines | Discovered new exit (range 10) 796 | -10/Mines | Entered Materials 796 | -9/Materials | Evolved 2 slots: Utility x2 1271 | -9/Materials | Discovered new exit (range 9) 1833 | -9/Materials | Discovered new exit (range 16) 1998 | -9/Materials | Discovered new exit (range 7) 2402 | -9/Materials | Build established: Hauler-Mutant 2554 | -9/Materials | Discovered new exit (range 17) 2943 | -9/Materials | Core integrity fell below 50% 3222 | -9/Materials | Entered Mines 3222 | -9/Mines | Accompanied by 1 ally 3233 | -9/Mines | Met a Derelict bent on vengeance 3466 | -9/Mines | Deemed a non-threat by the Exiles lab entrance 3496 | -9/Mines | Discovered new exit (range 9) 3601 | -9/Mines | Joined a pair of Derelicts in attacking an 0b10 outpost 3707 | -9/Mines | Learned 4 Materials zone layouts 3711 | -9/Mines | Discovered new exit (range 15) 3846 | -9/Mines | Discovered new exit (range 5) 3851 | -9/Mines | Entered Exiles 3851 | -9/Exiles | Accompanied by 1 ally 3878 | -9/Exiles | Met 8R-AWN 3893 | -9/Exiles | Met EX-HEX 3925 | -9/Exiles | Met EX-BIN 3941 | -9/Exiles | Aligned with FarCom system 3942 | -9/Exiles | Given EX-Vault access code 3967 | -9/Exiles | Opened EX-Vault 3973 | -9/Exiles | Found Potential Leg 3976 | -9/Exiles | Found Potential Leg 3988 | -9/Exiles | Found PSU Rigger 4003 | -9/Exiles | Warned to stay clear of 0b10 Research branches 4029 | -9/Exiles | Met EX-DEC 4036 | -9/Exiles | Learned location of Zion (-6) 4078 | -9/Exiles | Discovered new exit (range 11) 4086 | -9/Exiles | Stole two prototypes: Potential Leg, PSU Rigger 4086 | -9/Exiles | Entered Mines 4086 | -8/Mines | Accompanied by 1 ally 4115 | -8/Mines | Discovered new exit (range 16) 4227 | -8/Mines | Discovered new exit (range 13) 4466 | -8/Mines | Entered Materials 4466 | -8/Materials | Accompanied by 1 ally 4466 | -8/Materials | Evolved 2 slots: Propulsion x1, Utility x1 4466 | -8/Materials | Discovered new exit (range 8) 4467 | -8/Materials | Identified exit to Storage 4770 | -8/Materials | Discovered new exit (range 8) 4829 | -8/Materials | Entered Factory 4829 | -7/Factory | Evolved 2 slots: Utility x2 4831 | -7/Factory | FarCom data flow suspended 5362 | -7/Factory | Discovered new exit (range 16) 5418 | -7/Factory | Self-destructed Last Messages --------------- 05250_ Field strength at 70. 05251_ Field strength at 65. 05252_ Field strength at 60. 05253_ Field strength at 55. 05254_ Field strength at 50. 05255_ Field strength at 45. 05256_ Field strength at 36. 05257_ Field strength at 31. 05258_ Field strength at 17. 05259_ Field strength at 12. 05260_ Field strength at 7. 05261_ Stasis field depleted. 05325_ Acquired Hammer. 05326_ Dropped Com. Battery. 05327_ Dropped PSU Rigger. 05329_ ALERT: Rogue bot located, Programmers report to Factory Zone 6G. 05362_ EXIT=FOUND 05370_ Dropped Imp. Flight Unit. 05370_ Acquired Xenon Bombardment Thruster. 05415_ Lgt. Ion Engine destroyed. Map ----- +----------------------------------------------------+ | ?????????????????????????????????????????????????? | | ?????????????????????????????????????????????????? | | ?????????????????????????????????????????????????? | | ?????????????????????????????????????????????????? | | ?????????????????????????????????????????????????? | | ?????????????????????????????????????????????????? | | ?????????????????????????????????????????????????? | | ?????????????????????????????????????????????????? | | ?????????????????????????????????????????????????? | | ?????????????????????????????????????????????????? | | ?????????????????????????????????????????????????? | | ??????###????????????????????????????????????????? | | ?????? #????????????????????????????????????????? | | ?????" #????????########????????????????????????? | | ""???" #????????# #????????????????????????? | | "" """ #????????# """" #????????????????????????? | | #????????# """" #?????####### #??????????? | | "" """ #????????# """" #?????# t #??????????? | | "" """ #????????# """" #?????# #######??????????? | | "" """ #????????# #??#### #????????????????? | | ############+####### #????????????????? | | = # ####????????????????? | | # #???????????????????? | | ! # #???????????????????? | | ######+## """ ###########???????????????? | | """ k ##@] #???????????????? | | """ k#### #???????????????? | | = #??# [ = #???????????????? | | ######### "" "" #??# #???????????????? | | # ### ""F"" #??# ]#######?????????? | | # """"" #?# """ #??#[ # ##+######## | | # ""T"" #?# #??# # ! | | # #?# #??# ! + < ### | | #= #?# ##+#####+##?# # #?? | | #####+##### ## #?# # #?? | | #### ### # """" #?# ###### #?? | | = # ""S"" #?# k #????# #?? | | #### ### # "" "" #?# +??? | | ???## ##?##### #?# #??### | | ????# #??????# * #?# #????# ####### | | ??### #??????# #######p####????# #?????? | | ?? #??????# ] ## ???????? #??????? | | ?? ################## ??????? #??????? | | ## ??????????+ ?????? #??????? | | ??????????# ##??????#######??????? | | ?????????# ^ #?############???????? | | ?????????# #?# ???????? | | #???????????# #?# ???????? | | #???????????# #?# T ???????? | | #???????????# #?# " " #???????? | +----------------------------------------------------+ Best States ------------- Heat Dissipation 52 Energy Generation 14 Energy Capacity 425 Matter Stores 300 Matter Capacity 300 Sight Range 16 Robot Scan Range 16 Terrain Scan Density 10 Heat Shielding 75 Armor Coverage 600 Evasion (%) 64 Offensive Hacking 30 Item Schematics ----------------- Hacking Suite | -7/Factory | Hacked System Shield | -7/Factory | Hacked Robot Schematics ------------------ None Fabricated ------------ Nothing Alien Tech Used ----------------- None Achievements -------------- None Challenges ------------ None Game ------ Seed CooledFlightAutocannon Manual? 0 Play Time 00:49:38 Cumulative 97.4 hours Start 2020.08.17 @ 20:05:35 End 2020.08.17 @ 21:14:15 Sessions 3 Manual Loads 0 Difficulty Rogue Special Mode None Game No. 110 Rogue 23 Adventurer 87 Explorer 0 Win Type - Total 3 Types 2/0/0/1/0/0/0 Lore% 48 Gallery% 62 Achievement% 53 Wizard Run 0 Options --------- ASCII 0 Keyboard 1 Movement Numpad Keybinds 0 Fullscreen 1 Font 18/Smallcaps Map View 76x50 Tactical HUD 1 Map Filters NONE Filters NONE Steam 1 RUN: 1da58521-dfd0-4b70-ba66-96357c9c1e9f